 Dungeon Crawl Stone Soup version 0.28-a0-268-g3f656e82c2 (webtiles) character file.

Game seed: 6246891280567722354

96250 sanka the Warrior (level 15, -6/138 HPs)
             Began as a Palentonga Abyssal Knight on Aug 29, 2021.
             Was a High Priest of Lugonu.
             Killed by divine providence
             ... invoked by a sphinx
             ... summoned by Kirke
              (7 damage)
             ... on level 14 of the Dungeon.
             The game lasted 01:11:30 (39317 turns).

sanka the Warrior (Palentonga Abyssal Knight)      Turns: 39317, Time: 01:11:31

Health: -6/138     AC:  0    Str: 20    XL:     15   Next: 68%
Magic:  24/24      EV: 13    Int: 13    God:    Lugonu [*****.]
Gold:   1143       SH:  5    Dex: 11    Spells: 14/14 levels left

rFire   . . .      SeeInvis +   (weapon currently unavailable)
rCold   . . .      Faith    .   (shield currently unavailable)
rNeg    . . .      Spirit   .   (armour currently unavailable)
rPois   .          Reflect  +   (helmet currently unavailable)
rElec   .          Harm     .   (cloak currently unavailable)
rCorr   .          Rampage  .   (gloves currently unavailable)
Will    +....                   (no barding)
Stlth   +.........              M - amulet of reflection
HPRegen 0.33/turn               (ring currently unavailable)
MPRegen 0.19/turn               (ring currently unavailable)

@: pig-form, studying 2 skills, very quick
A: fast, no casting, small, rugged brown scales 3, see invisible, (deformed
body), (roll 1), (armoured tail), (reflexive curl)
a: Renounce Religion, Depart the Abyss, Bend Space, Banish, Corrupt, Enter the
Abyss


You were on level 14 of the Dungeon.
You worshipped Lugonu.
Lugonu was extremely pleased with you.
You were a filthy swine.
You visited 4 branches of the dungeon, and saw 23 of its levels.
You visited the Abyss 4 times.
You also visited: Gauntlet and Ice Cave.

You collected 1872 gold pieces.
You spent 729 gold pieces at shops.


Innate Abilities, Weirdness & Mutations

You are a filthy swine.
You move quickly.
Your equipment is almost entirely melded.
You are incapable of wielding weapons or throwing items.
You cannot cast spells.
(You are completely covered in rugged brown scales. (AC +3, +7% HP))
You have supernaturally acute eyesight. (SInv)
((Armour fits poorly on your strangely shaped body.))
((You can roll at nearby foes to attack.))
((You have a long armoured tail.))
((You curl defensively after being hit.))


   Skills:
 - Level 15.1 Fighting
 - Level 12.4(13.6) Axes
 + Level 9.1(11.5) Polearms
 - Level 14.0 Armour
 - Level 0.7 Dodging
 - Level 9.0 Shields
 - Level 12.0 Invocations


You had 14 spell levels left.
You didn't know any spells.
Your spell library contained the following spells:

 Spells                   Type           Power      Damage    Failure   Level
 Animate Skeleton         Necr           0%         N/A       30%         1
 Apportation              Tloc           0%         N/A       30%         1
 Pain                     Necr           0%         1d4       30%         1
 Blink                    Tloc           N/A        N/A       43%         2
 Slow                     Hex            0%         N/A       43%         2
 Confusing Touch          Hex            0%         N/A       67%         3
 Lesser Beckoning         Tloc           0%         N/A       67%         3
 Ozocubu's Armour         Ice            0%         N/A       67%         3
 Vampiric Draining        Necr           0%         2d6       67%         3
 Alistair's Intoxication  Tmut/Pois      0%         N/A       100%        5
 Borgnjor's Vile Clutch   Necr/Erth      0%         N/A       100%        5
 Manifold Assault         Tloc           0%         N/A       100%        5
 Metabolic Englaciation   Hex/Ice        0%         N/A       100%        5
 Summon Forest            Summ/Tloc      0%         N/A       100%        5
 Summon Mana Viper        Hex/Summ       0%         N/A       100%        5
 Yara's Violent Unravell  Hex/Tmut       0%         3d3       100%        5
 Eringya's Noxious Bog    Tmut/Pois      0%         N/A       100%        6
 Invisibility             Hex            0%         N/A       100%        6
 Shadow Creatures         Summ           N/A        N/A       100%        6
 Simulacrum               Ice/Necr       0%         N/A       100%        6

Inventory:

Hand Weapons
 a - a +9 demon trident of distortion (melded)
Missiles
 v - 5 curare-tipped darts {=f}
Armour
 b - a +0 barding (melded)
 g - a +0 pair of gloves (melded)
 t - a +1 cloak (melded)
 I - a +0 kite shield (melded)
 Q - a +0 crystal plate armour (melded)
 Z - a +2 helmet (melded)
Jewellery
 d - a +4 ring of protection (melded)
 y - a ring of resist corrosion
 G - a +4 ring of protection (melded)
 M - an amulet of reflection (around neck)
 N - a ring of fire
 U - a ring of poison resistance
 W - a ring of protection from cold
Wands
 C - a wand of digging (9)
 K - a wand of flame (16)
 O - a wand of iceblast (28)
 P - a wand of polymorph (24)
 T - a wand of paralysis (21)
 V - a wand of charming (11)
Scrolls
 c - 8 scrolls of teleportation {@r4}
 i - 3 scrolls of identify {@r1}
 j - 3 scrolls of fear
 m - 2 scrolls of enchant armour
 o - 6 scrolls of magic mapping
 r - 5 scrolls of fog
 A - 2 scrolls of immolation {!r}
 E - 2 scrolls of holy word
 F - a scroll of blinking
 H - 2 scrolls of silence {!r}
 S - 2 scrolls of torment {!r}
 X - 2 scrolls of vulnerability {!r}
Potions
 e - 2 potions of might
 f - 5 potions of curing {@q1}
 k - 3 potions of attraction {!q}
 p - 4 potions of brilliance
 q - 3 potions of mutation {!q}
 s - 4 potions of cancellation
 u - 2 potions of magic
 x - 2 potions of berserk rage {!q}
 z - 3 potions of lignification {!q}
 D - a potion of flight
 L - 3 potions of haste {@q3}
 R - 2 potions of heal wounds {@q2}
Miscellaneous
 l - a condenser vane

Dungeon Overview and Level Annotations

Branches:
Dungeon (14/15)            Temple (1/1) D:4            Lair (6/6) D:10
 Shoals (0/4) Lair:2        Snake (0/4) Lair:2        Slime (0/5) Lair:5
    Orc (2/2) D:10            Elf (0/3) Orc:2        Vaults (0/5) D:13
  IceCv (visited)         Gauntlet (visited)

Altars:
Ashenzari
Cheibriados
Dithmenos
Elyvilon
Fedhas
Gozag
Hepliaklqana
Kikubaaqudgha
Makhleb
Nemelex Xobeh
Okawaru
Qazlal
Ru
Sif Muna
Trog
Uskayaw
Vehumet
Wu Jian
Xom
Yredelemnul
Zin
The Shining One
Beogh
Jiyva

Shops:
D:8 !?*   Orc:2 (!(=

Annotations:
D:14 Kirke
Abyss:1 Prince Ribbit

▒.▒▒▒▒.▒.........▒...
▒......▒.........▒▒▒▒
▒......'.........▒
▒......▒...▒▒....▒
▒......▒...▒▒....▒
▒......▒.........▒
▒......▒.........▒
▒..l.H.▒.........▒
▒..@hh.▒.........▒
▒.▒▒▒▒.▒........^▒ ▒.
▒†▒▒▒▒▒▒▒▒▒▒▒ ▒ ...
....▒ .....▒ ......▒
........ ▒........


You could see Kirke (invisible), a sphinx (summoned), a lindwurm (summoned) and
a hog.


Message History

The sphinx hits you!! The sphinx closely misses you.
The sphinx barely misses you.
Unknown command.
You bite Kirke!
Kirke is severely wounded.
Kirke hits you!
* * * LOW HITPOINT WARNING * * *
The hog bites you.
* * * LOW HITPOINT WARNING * * *
The sphinx closely misses you. You block the sphinx's attack.
The sphinx hits you.
* * * LOW HITPOINT WARNING * * *
You hit Kirke.
Kirke is severely wounded.
Kirke says, "Odis was a nice man, you're awful."
Kirke hits you!
* * * LOW HITPOINT WARNING * * *
The hog bites you.
* * * LOW HITPOINT WARNING * * *
Unknown command.
You barely miss Kirke.
Kirke is severely wounded.
The lindwurm breathes flames at you. The blast of flame hits you!!!
* * * LOW HITPOINT WARNING * * *
The sphinx mumbles some strange words.
Something smites you!
You die...

Action                   |  1- 3 |  4- 6 |  7- 9 | 10-12 | 13-15 || total
-------------------------+-------+-------+-------+-------+-------++-------
Melee: Hand axe          |   113 |     3 |       |   569 |  1327 ||  2012
       Tailslap          |    13 |    19 |    29 |   115 |   259 ||   435
       Whip              |       |   155 |   354 |   144 |       ||   653
       Dagger            |       |       |    23 |       |       ||    23
       Flail             |       |       |     5 |    42 |    10 ||    57
       Demon trident     |       |       |       |       |   441 ||   441
       Unarmed           |       |       |       |       |     6 ||     6
Throw: Dart              |       |       |       |       |     3 ||     3
Invok: Banish            |       |       |     3 |     7 |     6 ||    16
       Depart the Abyss  |       |       |       |     1 |     2 ||     3
       Brand Weapon With |       |       |       |       |     1 ||     1
 Abil: Rolling Charge    |     2 |     9 |     6 |    25 |     4 ||    46
Evoke: Wand              |       |       |       |     5 |     1 ||     6
  Use: Potion            |       |       |     2 |     3 |     5 ||    10
       Scroll            |       |       |     9 |     9 |    11 ||    29
Armor: Leather armour    |    32 |       |       |       |       ||    32
       Chain mail        |    11 |    97 |   321 |   492 |       ||   921
       Crystal plate arm |       |       |       |    77 |   871 ||   948
Dodge: Dodged            |    70 |    40 |   164 |   234 |   205 ||   713
Block: Kite shield       |       |       |       |   205 |  1041 ||  1246
       Reflection        |       |       |       |       |    16 ||    16
       Other             |       |       |       |       |     1 ||     1

Levels and vault maps discovered:
D:1:      minmay_arrival_split_and_join, layout_basic,
          dreamdust_ecumenical_altar_angels_and_demons
D:2:      layout_basic, serial_rivers, chequers_serial_rivers_large_b,
          chequers_serial_rivers_micro_b, chequers_serial_rivers_micro_e,
          chequers_serial_rivers_marsh, chequers_serial_rivers_micro_d,
          nrook_mini_vaults
D:3:      layout_basic, nemelex_altar_shiori, serial_rivers,
          chequers_serial_rivers_small_3, chequers_serial_rivers_micro_d,
          chequers_serial_rivers_micro_e, chequers_serial_rivers_marsh,
          chequers_serial_rivers_marsh, chequers_serial_rivers_small_a,
          hellmonk_ghost_happy_afterlife, uniq_crazy_yiuf_cottage
D:4:      wander_river, layout_rooms, minmay_temple_entry_tees,
          hangedman_abyss_or_decor_stagger, chequers_serial_rivers_room_a,
          minmay_misc_feat_enclosed, corexii_shack, uniq_natasha, uniq_edmund
D:5:      layout_rooms, uniq_eustachio, uniq_duvessa
D:6:      layout_basic, mainiacjoe_overflow_cross_hatched, chequers_mini_garden,
          grunt_ministairs_8, dk_vineyard_1, kennysheep_generic_room_8
D:7:      layout_basic
D:8:      layout_loops_ring, serial_shops, nicolae_square_shop, shop,
          nicolae_elemental_shop, hangedman_decor_lopped,
          kennysheep_minor_cross, lightli_orcish_oven, uniq_prince_ribbit1
D:9:      layout_layer_cave, chequers_temple_overflow_statue_of_worship,
          mainiacjoe_overflow_concentric_impassable
D:10:     layout_roguey, david_lair_generic, david_orc_4
D:11:     layout_loops_ring, uniq_josephine
D:12:     layout_roguey, gammafunk_ghost_smash, serial_bayou,
          serial_bayou_ford_a, serial_bayou_pond_e, serial_bayou_pond_a,
          serial_bayou_pond_c, serial_bayou_shore_a, serial_bayou_pond_c,
          dk_noncrumbling_4
D:13:     layout_roguey, erik_vaults_1, special_room [special_room_orc],
          uniq_nessos
D:14:     layout_stronghold, solitary_fountain, grunt_ministairs_2, uniq_kirke
Temple:   minmay_freezing_vapour_temple
Lair:1:   layout_cave_pods, gauntlet_entry_generic, lemuel_fruit_tree,
          uniq_sonja
Lair:2:   layout_hall_layers, minmay_shoals_entry_hut,
          guppyfry_snake_entry_island
Lair:3:   layout_gridlike, cheibrodos_lair_lostbears
Lair:4:   layout_regular_city, lemuel_fruit_fields
Lair:5:   layout_cave_pods, slime_altar_1, grunt_megastairs_1
Lair:6:   guppyfry_lair_end_dragon, layout_misc_corridors,
          hangedman_lair_caniforms_friends
Orc:1:    layout_caves, portal_ice_cave_entry_imps
Orc:2:    kennysheep_orc_mage_school, layout_caves, basic_altar

Notes
Turn   | Place    | Note
-------+----------+-------------------------------------------
     0 | Abyss:1  | sanka the Palentonga Abyssal Knight began the quest for the
                  | Orb.
     0 | Abyss:1  | Reached XP level 1. HP: 19/19 MP: 2/2
    11 | D:1      | Escaped the Abyss
    98 | D:1      | Reached XP level 2. HP: 18/25 MP: 4/4
    99 | D:1      | Reached skill level 3 in Invocations
   402 | D:1      | HP: 2/25 [kobold (5)]
   403 | D:1      | Reached ** piety under Lugonu
   765 | D:1      | Found a faded altar of an unknown god.
  1229 | D:2      | Reached XP level 3. HP: 18/31 MP: 5/5
  1517 | D:2      | Reached skill level 4 in Invocations
  1801 | D:2      | Reached XP level 4. HP: 37/37 MP: 7/7
  2247 | D:3      | Found a runed translucent door.
  2261 | D:3      | Noticed smalleywall's ghost (amateur DsFE)
  2398 | D:3      | Reached skill level 5 in Invocations
  2645 | D:3      | Found a runed translucent door.
  2646 | D:3      | Noticed Crazy Yiuf
  2926 | D:3      | Found a sparkling altar of Nemelex Xobeh.
  3200 | D:3      | Killed smalleywall's ghost
  3201 | D:3      | Reached skill level 6 in Invocations
  3201 | D:3      | Reached XP level 5. HP: 31/42 MP: 7/9
  3344 | D:3      | Killed Crazy Yiuf
  3471 | D:4      | Noticed Natasha
  3479 | D:4      | Killed Natasha
  3549 | D:3      | Reached XP level 6. HP: 39/50 MP: 11/11
  3597 | D:4      | Reached skill level 7 in Invocations
  3829 | D:4      | Reached *** piety under Lugonu
  3890 | D:4      | Noticed Edmund
  3899 | D:4      | Killed Edmund
  3900 | D:4      | Reached skill level 8 in Invocations
  4019 | D:4      | Noticed Natasha
  4032 | D:4      | Killed Natasha
  4085 | D:4      | Found a staircase to the Ecumenical Temple.
  4101 | D:4      | Reached skill level 2 in Armour
  4101 | D:4      | Gained mutation: You curl defensively after being hit.
                  | [Palentonga growth]
  4101 | D:4      | Reached XP level 7. HP: 48/55 MP: 13/13
  4398 | D:4      | Reached skill level 4 in Fighting
  4630 | D:5      | Entered Level 5 of the Dungeon
  4630 | D:5      | Noticed Dowan
  4631 | D:5      | Noticed Duvessa
  4633 | D:5      | Noticed Eustachio
  4642 | D:4      | Reached skill level 3 in Armour
  4855 | D:4      | Banished Eustachio
  5037 | D:4      | Reached skill level 5 in Fighting
  5147 | D:4      | HP: 3/59 [Duvessa (9)]
  5152 | D:4      | Killed Duvessa
  5153 | D:4      | Reached skill level 4 in Armour
  5153 | D:4      | Reached XP level 8. HP: 5/66 MP: 14/14
  5166 | D:4      | Killed Dowan
  5412 | D:5      | Noticed a two-headed ogre
  5528 | D:4      | Banished a two-headed ogre
  5529 | D:4      | Reached skill level 7 in Fighting
  5529 | D:4      | Reached skill level 5 in Armour
  5543 | Temple   | Entered the Ecumenical Temple
  6291 | D:5      | Reached XP level 9. HP: 76/77 MP: 15/15
  6487 | D:6      | Reached skill level 6 in Armour
  6579 | D:6      | Found a shadowy altar of Dithmenos.
  6753 | D:6      | Reached **** piety under Lugonu
  6982 | D:7      | Identified a scroll of acquirement
  6985 | D:7      | Acquired a manual of Armour
  7013 | D:7      | Reached skill level 8 in Fighting
  7187 | D:7      | Reached skill level 7 in Armour
  7446 | D:7      | Reached skill level 8 in Armour
  8237 | D:8      | Noticed Prince Ribbit
  8257 | D:8      | Banished Prince Ribbit
  8515 | D:8      | Found Osilej's Distillery.
  8523 | D:8      | Bought a potion of heal wounds for 55 gold pieces
  8624 | D:8      | Found Sagogol's Magic Scroll Shoppe.
  8630 | D:8      | Bought a scroll of blinking for 90 gold pieces
  8919 | D:8      | Found Sopanyof's Elemental Accessories.
  9660 | D:8      | Reached skill level 9 in Armour
  9660 | D:8      | Reached XP level 10. HP: 71/87 MP: 16/16
  9789 | D:8      | Identified a +2 robe of resistance
 10143 | D:9      | Reached skill level 9 in Invocations
 10276 | D:9      | Noticed a two-headed ogre
 10289 | D:9      | Killed a two-headed ogre
 10290 | D:9      | Reached skill level 9 in Fighting
 10808 | D:9      | Found a basalt altar of Yredelemnul.
 11082 | D:9      | Identified the +2 leather armour of Adduit {-Cast rF+++
                  | Dex+4 Slay-3}
 11296 | D:9      | Found an iron altar of Okawaru.
 11297 | D:9      | Found a stormy altar of Qazlal.
 11297 | D:9      | Found a broken altar of Ashenzari.
 11615 | D:9      | Found a shimmering altar of Xom.
 12238 | D:10     | Entered Level 10 of the Dungeon
 12261 | D:10     | Reached skill level 3 in Axes
 12297 | D:10     | Noticed a gargoyle
 12307 | D:10     | Banished a gargoyle
 12308 | D:10     | Reached skill level 4 in Axes
 12591 | D:10     | Reached skill level 10 in Armour
 12766 | D:10     | Noticed an elephant
 12767 | D:10     | Found a staircase to the Lair.
 12802 | D:10     | Killed an elephant
 12805 | D:10     | Reached skill level 5 in Axes
 12805 | D:10     | Reached skill level 10 in Invocations
 12809 | D:10     | Reached ***** piety under Lugonu
 13287 | D:10     | Reached XP level 11. HP: 69/96 MP: 18/18
 13287 | D:10     | Identified the +6 falchion "Otup Nan" {venom, rN+ Str+7
                  | Dex-4}
 13910 | D:10     | Found a staircase to the Orcish Mines.
 14100 | D:11     | Noticed a two-headed ogre
 14111 | D:11     | Killed a two-headed ogre
 14112 | D:11     | Reached skill level 10 in Fighting
 14559 | D:11     | Noticed Josephine
 14583 | D:11     | Killed Josephine
 14584 | D:11     | Reached skill level 6 in Axes
 14584 | D:11     | Reached skill level 11 in Armour
 14816 | D:11     | Noticed a wizard
 14831 | D:11     | Cast into level 3 of the Abyss (a wizard)
 14851 | Abyss:3  | Noticed a wretched star
 14853 | D:11     | Escaped the Abyss
 14865 | D:11     | Killed a wizard
 14867 | D:11     | Acquired a manual of Fighting
 14906 | D:11     | Noticed a deep elf pyromancer
 14939 | D:11     | Killed a deep elf pyromancer
 15200 | D:11     | Reached skill level 11 in Invocations
 15757 | D:11     | Noticed a death knight
 15768 | D:11     | Killed a death knight
 15769 | D:11     | Reached skill level 11 in Fighting
 15780 | D:11     | Reached skill level 7 in Axes
 16119 | Lair:1   | Entered Level 1 of the Lair of Beasts
 16128 | Lair:1   | Found a gate leading to a gauntlet.
 16149 | Gauntlet | Entered a Gauntlet
 16149 | Gauntlet | Found a transporter.
 16183 | Gauntlet | Found a transporter.
 16493 | Gauntlet | Found a transporter.
 16497 | Gauntlet | Found a transporter.
 16501 | Gauntlet | Noticed a sixfirhy
 16504 | Gauntlet | Noticed a sixfirhy
 16505 | Gauntlet | Found a transporter.
 16505 | Gauntlet | Found a transporter.
 16506 | Gauntlet | Found a transporter.
 16507 | Gauntlet | Found a transporter.
 16514 | Gauntlet | Noticed a sixfirhy
 16575 | Gauntlet | Found a transporter.
 16587 | Gauntlet | Found a transporter.
 16591 | Gauntlet | Found a transporter.
 16609 | Gauntlet | Found a transporter.
 16611 | Gauntlet | Noticed a death yak
 16612 | Gauntlet | Noticed a death yak
 16612 | Gauntlet | Noticed a death yak
 16612 | Gauntlet | Noticed a death yak
 16613 | Gauntlet | Noticed a death yak
 16614 | Gauntlet | Noticed a death yak
 16619 | Gauntlet | Noticed a green death
 17004 | Gauntlet | Identified the ring of Ruabiad {Ice MP+9 Int-5 Dex+4
                  | Stlth+}
 17034 | Gauntlet | Killed a death yak
 17035 | Gauntlet | Reached skill level 1 in Shields
 17035 | Gauntlet | Reached XP level 12. HP: 88/107 MP: 20/20
 17041 | Gauntlet | Banished a death yak
 17404 | Gauntlet | Killed a death yak
 17741 | Gauntlet | Banished a death yak
 17742 | Gauntlet | Reached skill level 12 in Armour
 17767 | Gauntlet | Killed a death yak
 17768 | Gauntlet | Reached skill level 2 in Shields
 17837 | Gauntlet | Killed a death yak
 17998 | Gauntlet | Identified the +1 ring mail of the Evening {Will+ SInv}
 18025 | Gauntlet | Noticed a minotaur
 18035 | Gauntlet | Killed a minotaur
 18036 | Gauntlet | Reached skill level 12 in Fighting
 18170 | Lair:1   | Noticed Sonja
 18184 | Lair:1   | Killed Sonja
 18185 | Lair:1   | Reached skill level 8 in Axes
 18185 | Lair:1   | Reached skill level 3 in Shields
 18464 | Lair:1   | Noticed a five-headed hydra
 18475 | Lair:1   | Killed a one-headed hydra
 18476 | Lair:1   | Reached skill level 12 in Invocations
 19697 | Lair:1   | Noticed a four-headed hydra
 19711 | Lair:1   | Killed a one-headed hydra
 19951 | Lair:2   | Found a staircase to the Snake Pit.
 19964 | Lair:2   | Reached skill level 4 in Shields
 20622 | Lair:2   | Reached skill level 9 in Axes
 20627 | Lair:2   | Identified a +0 crystal plate armour
 20956 | Lair:2   | Found a staircase to the Shoals.
 21513 | Lair:3   | Reached XP level 13. HP: 58/116 MP: 22/22
 22875 | Lair:4   | Reached skill level 5 in Shields
 22905 | Lair:4   | Reached skill level 13 in Fighting
 23727 | Lair:4   | Reached skill level 13 in Armour
 24722 | Lair:5   | Reached skill level 10 in Axes
 24795 | Lair:5   | Found a viscous altar of Jiyva.
 24796 | Lair:5   | Found a staircase to the Slime Pits.
 24907 | Lair:5   | Reached skill level 6 in Shields
 25365 | Lair:5   | Reached skill level 14 in Fighting
 26800 | Lair:6   | Entered Level 6 of the Lair of Beasts
 27305 | Lair:6   | Reached XP level 14. HP: 123/129 MP: 23/23
 28432 | Lair:6   | Reached skill level 7 in Shields
 28820 | Lair:6   | Reached skill level 11 in Axes
 28841 | Lair:6   | Reached skill level 15 in Fighting
 28875 | Lair:6   | HP: 13/131 [polar bear (8)]
 28882 | Lair:6   | HP: 12/131 [black bear (3)]
 30129 | Lair:6   | HP: 13/131 [poisoned by something (poison gas)]
 30868 | Orc:1    | Entered Level 1 of the Orcish Mines
 30932 | Orc:1    | Found a frozen archway.
 30971 | Orc:1    | Reached skill level 14 in Armour
 30998 | Orc:1    | HP: 5/124 [orc warrior (11)]
 31319 | IceCv    | Entered an ice cave
 31724 | IceCv    | Identified a +2 robe of resistance
 31825 | IceCv    | Reached ****** piety under Lugonu
 31826 | IceCv    | Reached skill level 8 in Shields
 33323 | Orc:2    | Entered Level 2 of the Orcish Mines
 33335 | Orc:2    | Reached skill level 12 in Axes
 34066 | Orc:2    | Found a staircase to the Elven Halls.
 34204 | Orc:2    | Paralysed by an ogre mage for 6 turns
 34218 | Orc:2    | Paralysed by an ogre mage for 5 turns
 34733 | Orc:2    | Found an ancient bone altar of Kikubaaqudgha.
 34866 | Orc:2    | Found Unor's Antique Weapon Boutique.
 35025 | Orc:2    | Found a radiant altar of Vehumet.
 35027 | Orc:2    | Noticed Erolcha
 35035 | Orc:2    | Cast into level 1 of the Abyss (Erolcha)
 35049 | Abyss:1  | Noticed a starcursed mass
 35054 | Abyss:1  | Killed Eustachio
 35057 | Orc:2    | Escaped the Abyss
 35061 | Orc:2    | Killed Erolcha
 35127 | Orc:2    | Found Dioxummu's Distillery.
 35129 | Orc:2    | Paralysed by an orc sorcerer for 6 turns
 35139 | Orc:2    | Reached skill level 9 in Shields
 35242 | Orc:2    | Found Coivet's Jewellery Shop.
 35258 | Orc:2    | Found Ysiracit's Antique Weapon Shop.
 35492 | Orc:2    | Bought a runed demon trident for 504 gold pieces
 35511 | Orc:2    | Bought a potion of heal wounds for 80 gold pieces
 35745 | D:12     | Reached skill level 1 in Polearms
 35745 | D:12     | Reached XP level 15. HP: 120/138 MP: 24/24
 36058 | D:12     | Found a transporter.
 36060 | D:12     | Noticed Dawnonicku's ghost (journeyman DrBe)
 36060 | D:12     | Identified the +10 dire flail "Voecab" {antimagic, *Rage
                  | +Rage rF+ Str+4}
 36130 | D:12     | Reached skill level 2 in Polearms
 36492 | D:12     | Reached skill level 3 in Polearms
 36863 | D:12     | Found a transporter.
 36911 | D:12     | HP: 9/138 [two-headed ogre (9)]
 36914 | D:12     | Reached skill level 4 in Polearms
 37370 | D:12     | Killed Dawnonicku's ghost
 37371 | D:12     | Reached skill level 5 in Polearms
 37382 | D:12     | Identified the +6 spear "Diffoler" {vorpal, Int+4 Stlth-}
 37383 | D:12     | Identified the ring "Qafekke" {MP+9 Int+4}
 37385 | D:12     | Identified the +5 plate armour "Hont" {*Slow rPois rN+
                  | Dex+2}
 37761 | D:13     | Identified a +9 demon trident of distortion (a +7 demon
                  | trident of pain corrupted by Lugonu)
 37761 | D:13     | Received a gift from Lugonu
 37774 | D:13     | Reached skill level 6 in Polearms
 37972 | D:13     | Noticed Nessos
 37978 | D:13     | Killed Nessos
 37979 | D:13     | Found a gate to the Vaults.
 38473 | D:14     | Reached skill level 7 in Polearms
 38550 | D:14     | Cast into level 2 of the Abyss (a wizard)
 38653 | D:14     | Escaped the Abyss
 38951 | D:14     | Reached skill level 8 in Polearms
 39191 | D:14     | Reached skill level 9 in Polearms
 39287 | D:14     | Noticed Kirke
 39300 | D:14     | Noticed a sphinx
 39317 | D:14     | HP: 1/138 [lindwurm/blast of flame[Kirke] (50)]
 39317 | D:14     | Killed from afar by a sphinx

Vanquished Creatures
  The ghost of Dawnonicku the Fighter, a journeyman DrBe of Trog (D:12)
  Nessos (D:13)
  A minotaur (Gauntlet)
  A fire dragon (Lair:6)
  9 hydras
  Josephine (D:11)
  Erolcha (Orc:2)
  3 boulder beetles
  A death knight (D:11)
  An ogre mage (Orc:2)
  2 dancing weapons (D:13)
  8 two-headed ogres
  A centaur warrior (D:13)
  9 death yaks
  An orc high priest (Orc:1)
  Sonja (Lair:1)
  A swamp dragon (Lair:6)
  An orc knight (Orc:2)
  3 wizards
  A bog body (IceCv)
  A necromancer (IceCv)
  A deep elf pyromancer (D:11)
  A mana viper (Abyss:2)
  2 manticores
  10 orc sorcerers
  A wolf spider (Lair:6)
  10 ugly things (D:14)
  12 elephants
  6 cyclopes
  An ice statue (IceCv)
  7 black mambas
  9 cane toads
  2 torpor snails
  A gargoyle (D:11)
  4 rime drakes
  An unseen horror (D:10)
  A rime drake (shapeshifter) (D:13)
  5 komodo dragons
  3 anaconda simulacra (IceCv)
  2 freezing wraiths (IceCv)
  2 ice devils (IceCv)
  4 entropy weaver simulacra (IceCv)
  14 polar bears
  4 trolls
  15 blink frogs
  5 dream sheep (Lair:6)
  A snapping turtle (Lair:2)
  2 centaur simulacra
  3 dire elephant simulacra (IceCv)
  3 wyverns
  A vampire (D:10)
  4 wraiths (D:11)
  Eustachio (Abyss:1)
  21 yaks
  3 basilisks
  6 hogs (D:14)
  8 vampire mosquitoes (D:14)
  5 acid dragons
  Edmund (D:4)
  6 wargs
  A naga (Lair:2)
  A hydra simulacrum (Gauntlet)
  18 water moccasins
  Duvessa (D:4)
  17 hell hounds (Lair:6)
  A swamp drake (Lair:6)
  An ice beast (shapeshifter) (D:13)
  21 orc warriors
  An ice beast (D:6)
  A meliai simulacrum (Gauntlet)
  9 ogres
  12 black bears
  A necrophage (D:5)
  4 centaurs
  The ghost of smalleywall the Firebug, an amateur DsFE (D:3)
  18 wolves
  2 two-headed ogre simulacra (IceCv)
  14 bullfrogs
  Dowan (D:4)
  A gnoll sergeant (D:9)
  3 scorpions
  5 killer bees (D:8)
  8 wights
  5 electric eels
  3 howler monkeys (D:9)
  A jelly (D:4)
  A bullfrog zombie (D:6)
  5 centaur zombies
  3 hounds
  Crazy Yiuf (D:3)
  A bullfrog skeleton (D:6)
  A gnoll shaman (D:4)
  26 orc priests
  2 iron imps (Abyss:2)
  Natasha (twice) (D:4)
  8 iguanas
  38 orc wizards
  A troll simulacrum (IceCv)
  A polar bear simulacrum (IceCv)
  A wolf simulacrum (IceCv)
  A killer bee zombie (D:6)
  16 gnolls
  9 adders
  A shadow imp (D:6)
  13 white imps
  4 ufetubi
  An adder skeleton (D:2)
  4 worms
  2 dart slugs
  100 orcs
  4 endoplasms
  2 giant cockroaches
  6 goblins
  3 hobgoblins
  13 jackals
  5 quokkas
  7 ball pythons
  A bat (D:3)
  5 frilled lizards
  7 kobolds
  5 rats
688 creatures vanquished.

Vanquished Creatures (others)
  An orc (Orc:2)
  A bat (D:1)
  A bush (Lair:6)
  A demonic plant (Gauntlet)
  37 fungi
  62 plants
  21 withered plants (Gauntlet)
124 creatures vanquished.

Grand Total: 812 creatures vanquished
